 Dungeon Crawl Stone Soup version 0.29.1-15-g9cfb28693d (webtiles) character file.

Game seed: 12006639492033897801

658 H0rd4k the Insei (level 7, -1/47 HPs)
             Began as an Octopode Artificer on Mar 8, 2023.
             Shot with an arrow by a centaur (6 damage)
             ... on level 5 of the Dungeon.
             The game lasted 00:04:25 (6127 turns).

H0rd4k the Insei (Octopode Artificer)               Turns: 6127, Time: 00:04:25

Health: -1/47      AC:  1    Str: 11    XL:     7   Next: 55%
Magic:  12/12      EV: 13    Int: 15    God:
Gold:   368        SH:  0    Dex: 13    Spells: 10/13 levels left

rFire   . . .      SeeInvis .     - Unarmed
rCold   . . .      Faith    .   (no shield)
rNeg    . . .      Spirit   .   (helmet restricted)
rPois   .          Reflect  .   (no amulet)
rElec   .          Harm     .   m - ring of wizardry
rCorr   .          Rampage  .   (no ring)
Will    .....                   (no ring)
Stlth   +++.......              (no ring)
HPRegen 0.15/turn               (no ring)
MPRegen 0.13/turn               (no ring)
                                (no ring)
                                (no ring)

@: no status effects
A: almost no armour, amphibious, 8 rings, camouflage 1, gelatinous body 1,
(nimble swimmer 1), tentacles
a: no special abilities


You were on level 5 of the Dungeon.
You visited 1 branch of the dungeon, and saw 5 of its levels.

You collected 368 gold pieces.

Inventory:

Missiles
 n - 8 poisoned darts
 v - a throwing net
Magical Staves
 p - a staff of air
Jewellery
 m - a ring of wizardry (left tentacle)
 w - a +4 ring of evasion
Wands
 c - a wand of charming (2)
 d - a wand of iceblast (1)
 j - a wand of roots (2)
 o - a wand of digging (3)
Scrolls
 b - 2 scrolls of summoning {unknown}
 e - 2 scrolls of immolation {unknown}
 f - 4 scrolls of identify {unknown}
 g - 2 scrolls of vulnerability {unknown}
 i - 7 scrolls of teleportation {unknown}
 k - 3 scrolls of noise {unknown}
 l - a scroll of enchant armour {unknown}
 r - a scroll of silence {unknown}
 t - a scroll of brand weapon {unknown}
Potions
 a - a potion of lignification {unknown}
 h - 7 potions of curing
 q - a potion of might {unknown}
 s - a potion of invisibility {unknown}
 u - a potion of mutation {unknown}


   Skills:
 + Level 3.7 Fighting
 - Level 2.3 Dodging
 - Level 1.3 Stealth
 - Level 5.1 Unarmed Combat
 * Level 3.5 Spellcasting
 + Level 1.4 Air Magic
 - Level 3.2 Evocations


You had 10 spell levels left.
You knew the following spells:

 Your Spells              Type           Power      Damage    Failure   Level
a - Swiftness             Air            7%         N/A       12%         3

Your spell library contained the following spells:

 Spells                   Type           Power      Damage    Failure   Level
 Slow                     Hex            8%         N/A       8%          1
 Ensorcelled Hibernation  Hex/Ice        4%         N/A       12%         2
 Passwall                 Tmut/Erth      1%         N/A       12%         2
 Confusing Touch          Hex            2%         N/A       22%         3
 Spider Form              Tmut/Pois      2%         N/A       22%         3
 Vampiric Draining        Necr           2%         2d6       22%         3
 Anguish                  Hex/Necr       1%         N/A       56%         4


Dungeon Overview and Level Annotations

Branches:
Dungeon (5/15)
 Temple: D:4-7

Altars:
Dithmenos
Nemelex Xobeh

Annotations:
D:4 exclusion: downstairs


Innate Abilities, Weirdness & Mutations

You cannot wear most types of armour.
You are amphibious.
You can wear up to eight rings at the same time.
Your skin changes colour to match your surroundings (Stealth+).
Your rubbery body absorbs attacks. (AC +1, EV +1)
((You are camouflaged when in or above water. (Stealth+)))
You have tentacles for arms and can constrict up to eight enemies at once.


Message History

Found 10 gold pieces.
The orc shouts!
You hear a shout! x4
An orc comes into view.
It is wielding a +4 whip of electrocution.
The orc shouts!
An orc and an orc wizard come into view.
You hear a shout!
A centaur comes into view.
The orc wizard points at you and mumbles some strange words.
The puff of flame hits you!
An orc comes into view. It is wielding a +0 hand axe.
The orc wizard gestures wildly while chanting.
The orc wizard flickers and vanishes!
Deactivating autopickup; reactivate with Ctrl-A.
The orc closely misses you.
The orc moves out of view.
The orc shouts!
The centaur shouts!
You bludgeon the orc!
You kill the orc!
The centaur wields a +0 shortbow.
The centaur shoots an arrow.
The arrow completely misses you. The orc attacks as you move away!
The orc hits you with a +0 club.
The centaur shoots an arrow.
The arrow closely misses you.
Something tries to affect you, but you resist.
The centaur shoots an arrow.
The arrow hits you!
You closely miss the orc. Your grab misses the orc. You squeeze the orc.
The orc is almost dead.
The orc hits you with a +4 whip of electrocution!
You tentacle-slap the orc.
You kill the orc!
Aiming: Iceblast
Press: ? - help, Shift-Dir - straight line, f - orc
Aim: an orc, wielding a +0 falchion and wearing a +0 ring mail The mass of ice explodes!
The iceblast engulfs the orc!!
You kill the orc!
The iceblast engulfs the centaur!!
The centaur is almost dead.
You hear a shout! x3
The centaur shoots an arrow.
The arrow hits you!
* * * LOW HITPOINT WARNING * * *
The centaur shoots an arrow.
The arrow hits you.
You die...

# #.# #.≈.≈...≈.≈.## # #.#
#.≈.≈≈≈≈..≈... ###.##
#.≈o...)..≈.#. +....#
#..≈≈≈≈≈≈≈≈... +....# ...>.
#....oo...o... #....# ....
###..#..#..... #....## #..#
####.....# .... #.....##
#..####.))c#..#..###.
#...#..###..##..@###.....##
#....#<.##..##.#####.....#
#.....#.#...#..........#.#
#.....#...............#..#
###.........##..........##
#....#.........#..##.#..
##..#.#.....###....#..#.#
#...........#.....#.....#
##.......#.#.#.#.#....#


You could see a centaur and 2 orcs.

Vanquished Creatures
  2 phantoms
  A necrophage (D:5)
  2 scorpions (D:5)
  A howler monkey (D:5)
  A jelly (D:3)
  An iguana (D:4)
  Ijyb (D:3)
  An orc wizard (D:3)
  A gnoll (D:5)
  3 adders
  A white imp (D:5)
  An ufetubus (D:4)
  2 worms (D:3)
  5 dart slugs
  10 orcs
  6 ball pythons
  2 bats
  5 endoplasms
  A giant cockroach (D:2)
  8 hobgoblins
  4 jackals
  3 quokkas
  4 frilled lizards (D:3)
  4 goblins
  3 kobolds
  5 rats
78 creatures vanquished.

Vanquished Creatures (collateral kills)
  2 gnolls (D:5)
  An ufetubus (D:5)
  An orc (D:5)
4 creatures vanquished.

Vanquished Creatures (others)
  An orc priest (D:3)
  An orc wizard (D:5)
  A gnoll (D:5)
  A white imp (D:5)
4 creatures vanquished.

Grand Total: 86 creatures vanquished

Notes
Turn   | Place    | Note
-------+----------+-------------------------------------------
     0 | D:1      | H0rd4k the Octopode Artificer began the quest for the Orb.
     0 | D:1      | Reached XP level 1. HP: 13/13 MP: 1/1
   444 | D:1      | Reached XP level 2. HP: 17/18 MP: 1/3
   844 | D:1      | Reached skill level 1 in Spellcasting
  1688 | D:2      | Reached XP level 3. HP: 24/24 MP: 3/5
  1806 | D:2      | Found a faded altar of an unknown god.
  1862 | D:2      | Found a sparkling altar of Nemelex Xobeh.
  2121 | D:2      | Reached skill level 1 in Unarmed Combat
  2186 | D:2      | Learned a level 3 spell: Swiftness
  2639 | D:3      | Reached XP level 4. HP: 16/30 MP: 6/6
  2789 | D:3      | Noticed Ijyb
  2798 | D:3      | Killed Ijyb
  2799 | D:3      | Reached skill level 2 in Unarmed Combat
  2799 | D:3      | Reached skill level 1 in Air Magic
  2803 | D:3      | Reached XP level 5. HP: 4/35 MP: 6/8
  3990 | D:4      | Noticed a phantom
  4269 | D:4      | Killed a phantom
  4270 | D:4      | Reached skill level 3 in Unarmed Combat
  4270 | D:4      | Reached XP level 6. HP: 42/42 MP: 9/9
  5021 | D:5      | Entered Level 5 of the Dungeon
  5079 | D:5      | Reached skill level 4 in Unarmed Combat
  5310 | D:5      | Reached XP level 7. HP: 46/46 MP: 11/11
  5679 | D:5      | Reached skill level 5 in Unarmed Combat
  6113 | D:5      | Found a shadowy altar of Dithmenos.
  6127 | D:5      | Shot with an arrow by a centaur

Illustrated notes

Levels and vault maps discovered:
D:1:      lemuel_arrival_river_bridge, layout_basic, kennysheep_flooded_box
D:2:      layout_rooms, basic_ecumenical_altar, basic_altar
D:3:      minmay_razor_zed, layout_loops_ring, uniq_ijyb
D:4:      layout_loops_corners, dreamdust_princess_corridor,
          minmay_misc_feat_hallway
D:5:      layout_rooms, mainiacjoe_overflow_concentric_impassable,
          minmay_misc_feat_enclosed, kennysheep_dice

Skill      XL: |  1  2  3  4  5  6  7 |
---------------+----------------------+-----
Spellcasting   | 1 2 3 |  3.5
Fighting       | 2 3 |  3.7
Unarmed Combat | 1 2 3 4 5 |  5.1
Air Magic      | 1 |  1.4
Dodging        | |  2.3
Stealth        | |  1.3
Evocations     | |  3.2

Action                   |  1- 3 |  4- 6 |  7- 9 || total
-------------------------+-------+-------+-------++-------
Melee: Unarmed           |    95 |    86 |    36 ||   217
       Constrict         |    23 |    20 |     6 ||    49
       Tentacles         |    23 |    20 |    11 ||    54
       Punch             |     1 |     5 |       ||     6
Evoke: Wand              |     1 |    29 |     4 ||    34
  Use: Potion            |       |     1 |       ||     1
 Stab: Sleeping          |     6 |     7 |       ||    13
Armor: Skin              |     4 |     7 |     3 ||    14
Dodge: Dodged            |    52 |    65 |    14 ||   131
